 Dungeon Crawl Stone Soup version 0.30-a0-782-ge64f9170bb (webtiles) character file.

Game seed: 15877929022058735976

2450 gruber the Skirmisher (level 9, -1/71 HPs)
             Began as a Gnoll Hunter on Feb 27, 2023.
             Was an Initiate of Okawaru.
             Slain by a lemure (8 damage)
             ... led by Pikel
             ... on level 6 of the Dungeon.
             The game lasted 00:06:40 (5233 turns).

gruber the Skirmisher (Gnoll Hunter)                Turns: 5233, Time: 00:06:41

Health: -1/71      AC: 11    Str: 11    XL:     9   Next: 49%
Magic:  15/15      EV: 14    Int:  9    God:    Okawaru [......]
Gold:   363        SH:  0    Dex: 19    Spells: 16/16 levels left

rFire   . . .      SeeInvis .    a - +0 shortbow
rCold   . . .      Faith    .    (shield currently unavailable)
rNeg    . . .      Spirit   .    q - +2 ring mail {Will+}
rPois   .          Reflect  .    o - +0 helmet
rElec   .          Harm     .    w - +0 cloak
rCorr   +          Rampage  .    B - +0 pair of gloves
Will    ++...                    (no boots)
Stlth   +++                      (no amulet)
HPRegen 0.31/turn                x - ring of willpower
MPRegen 0.14/turn                z - ring of resist corrosion

@: no status effects
A: fangs 1, strong nose, distributed training
a: Renounce Religion


You were on level 6 of the Dungeon.
You worshipped Okawaru.
Okawaru was noncommittal.
You visited 2 branches of the dungeon, and saw 7 of its levels.
You also visited: Ossuary.

You collected 363 gold pieces.

Inventory:

Hand Weapons
 a - a +0 shortbow (weapon)
 i - a +0 dagger of speed
Armour
 o - a +0 helmet (worn)
 q - a +2 ring mail of willpower (worn)
 w - a +0 cloak (worn)
 B - a +0 pair of gloves (worn)
Jewellery
 x - a ring of willpower (left hand)
 z - a ring of resist corrosion (right hand)
Wands
 v - a wand of polymorph (8)
 D - a wand of digging (5)
Scrolls
 b - 2 scrolls of immolation
 d - 4 scrolls of identify {unknown}
 e - 2 scrolls of butterflies {unknown}
 g - 2 scrolls of enchant weapon {unknown}
 h - 2 scrolls of magic mapping {unknown}
 j - 3 scrolls of enchant armour {unknown}
 k - 2 scrolls of fog {unknown}
 m - a scroll of blinking {unknown}
 n - a scroll of fear {unknown}
 s - a scroll of amnesia {unknown}
 y - 2 scrolls of teleportation {unknown}
 A - a scroll of poison {unknown}
Potions
 c - 2 potions of resistance {unknown}
 f - a potion of experience {unknown}
 l - a potion of flight {unknown}
 p - a potion of haste {unknown}
 r - a potion of lignification {unknown}
 t - 3 potions of mutation {unknown}
 u - a potion of attraction {unknown}
 C - a potion of heal wounds
 E - a potion of cancellation {unknown}


   Skills:
 + Level 6.5 Fighting
 + Level 4.4 Short Blades
 + Level 4.4 Long Blades
 + Level 4.4 Axes
 + Level 4.4 Maces & Flails
 + Level 4.4 Polearms
 + Level 4.4 Staves
 + Level 9.7 Ranged Weapons
 + Level 4.4 Throwing
 + Level 4.4 Armour
 + Level 6.5 Dodging
 + Level 5.1 Stealth
 + Level 4.4 Shields
 + Level 4.4 Unarmed Combat
 + Level 4.4 Spellcasting
 + Level 3.7 Conjurations
 + Level 3.7 Hexes
 + Level 3.7 Summonings
 + Level 3.7 Necromancy
 + Level 3.7 Translocations
 + Level 3.7 Transmutations
 + Level 3.7 Fire Magic
 + Level 3.7 Ice Magic
 + Level 3.7 Air Magic
 + Level 3.7 Earth Magic
 + Level 3.7 Poison Magic
 + Level 4.9 Invocations
 + Level 4.4 Evocations


You had 16 spell levels left.
You didn't know any spells.
Your spell library contained the following spells:

 Spells                   Type           Power      Damage    Failure   Level
 Magic Dart               Conj           32%        1d4       13%         1
 Slow                     Hex            32%        N/A       13%         1
 Confusing Touch          Hex            8%         N/A       36%         3
 Mephitic Cloud           Conj/Pois/Air  8%         N/A       36%         3
 Vampiric Draining        Necr           8%         2d6       36%         3
 Call Imp                 Summ           Unusable   N/A       N/A         2

Dungeon Overview and Level Annotations

Branches:
Dungeon (6/15)             Temple (1/1) D:5         Ossuary (visited)

Altars:
Ashenzari
Cheibriados
Dithmenos
Elyvilon
Fedhas
Gozag
Hepliaklqana
Kikubaaqudgha
Nemelex Xobeh
Okawaru
Qazlal
Ru
Sif Muna
Trog
Uskayaw
Wu Jian
Xom
Zin
The Shining One

Shops:
D:3 ?   D:4 :   D:5 (

Annotations:
D:6 Pikel


Innate Abilities, Weirdness & Mutations

You have very sharp teeth.
Your uncanny sense of smell can sniff out nearby items.
Your experience applies equally to all skills.


Message History

The orc warrior hits you but does no damage. x2
The lemure hits you.
You shoot an arrow. The arrow hits the orc warrior!
You kill the orc warrior!
Okawaru accepts your kill. The lemure hits you but does no damage.
Fire: a) +0 shortbow
Press: ? - help, Q - select action, (/) - cycle Shift-Dir - straight line, f - ogre
Aim: an ogre, wielding a +0 giant club (severely wounded, 80% to hit)
You shoot an arrow. The arrow hits the ogre.
The ogre is almost dead.
The lemure hits you! The ogre hits you with a +0 giant club!
Unknown command.
Fire: a) +0 shortbow
Press: ? - help, Q - select action, (/) - cycle Shift-Dir - straight line, f/p - ogre
Aim: an ogre, wielding a +0 giant club (almost dead, 80% to hit)
You shoot an arrow. The arrow hits the ogre.
The ogre is almost dead.
The lemure misses you.
The orc wizard mumbles some strange words.
The orc wizard flickers and vanishes!
Deactivating autopickup; reactivate with Ctrl-A.
The ogre hits you with a +0 giant club!!
* * * LOW HITPOINT WARNING * * *
Unknown command.
Fire: a) +0 shortbow
Press: ? - help, Q - select action, (/) - cycle Shift-Dir - straight line, f/p - ogre
Aim: an ogre, wielding a +0 giant club (almost dead, 80% to hit)
You shoot an arrow. The arrow hits the ogre.
You kill the ogre!
Okawaru accepts your kill. The lemure hits you.
* * * LOW HITPOINT WARNING * * *
Unknown command.
Fire: a) +0 shortbow
Press: ? - help, Q - select action, (/) - cycle Shift-Dir - straight line, f - lemure
Aim: a lemure (62% to hit)
You shoot an arrow. The arrow barely misses the lemure.
The lemure hits you!
You die...

##################
....#............. #
#######....##.........
###.#.....................
...............#..........
#........o..))..........
#.#####.#..o..).##'#######
#.......#.#5###.##.#### .
##..###....#.@o.)......#
......#.#.#########..#...#
....#.#...###### ##.+...#
....#..........#
###...#### #............#
#....O.# #.##.........####
#...##5####
#.##.............
+...+......
#†##.<.........#
#...###o###
#.##...........#
#...###oo#


You could see a lemure and 3 orcs.

Vanquished Creatures
  Grinder (D:4)
  Prince Ribbit (D:5)
  Menkaure (D:4)
  An orc warrior (D:6)
  3 ogres
  2 centaurs (D:6)
  2 phantoms
  An elf zombie (D:4)
  2 bullfrogs (D:6)
  4 scorpions
  An elf skeleton (D:4)
  A howler monkey (D:5)
  4 centaur zombies (Ossuary)
  4 hounds
  Crazy Yiuf (D:3)
  Jessica (D:2)
  2 iguanas
  Ijyb (D:3)
  A human skeleton (D:4)
  3 orc wizards
  Natasha (D:4)
  6 mummies (Ossuary)
  Robin (D:2)
  5 adders
  A shadow imp (D:5)
  A worm (D:5)
  3 dart slugs
  12 orcs
  11 endoplasms
  2 giant cockroaches
  11 goblins
  15 hobgoblins
  2 jackals (D:1)
  4 quokkas
  8 ball pythons
  A bat (D:1)
  12 frilled lizards
  3 hobgoblin zombies (Ossuary)
  5 kobolds
  2 orc skeletons (D:4)
  An orc zombie (D:4)
  3 rats
147 creatures vanquished.

Notes
Turn   | Place    | Note
-------+----------+-------------------------------------------
     0 | D:1      | gruber the Gnoll Hunter began the quest for the Orb.
     0 | D:1      | Reached XP level 1. HP: 20/20 MP: 1/1
   227 | D:1      | Reached XP level 2. HP: 26/26 MP: 2/2
   549 | D:1      | Reached XP level 3. HP: 31/31 MP: 3/3
   720 | D:2      | Found a hazy altar of Hepliaklqana.
   728 | D:2      | Noticed Jessica
   734 | D:2      | Killed Jessica
   735 | D:2      | Reached skill level 1 in Short Blades
   735 | D:2      | Reached skill level 1 in Long Blades
   735 | D:2      | Reached skill level 1 in Axes
   735 | D:2      | Reached skill level 1 in Maces & Flails
   735 | D:2      | Reached skill level 1 in Polearms
   735 | D:2      | Reached skill level 1 in Staves
   735 | D:2      | Reached skill level 1 in Throwing
   735 | D:2      | Reached skill level 1 in Armour
   735 | D:2      | Reached skill level 1 in Shields
   735 | D:2      | Reached skill level 1 in Unarmed Combat
   735 | D:2      | Reached skill level 1 in Spellcasting
   735 | D:2      | Reached skill level 1 in Invocations
   735 | D:2      | Reached skill level 1 in Evocations
   760 | D:2      | Reached XP level 4. HP: 38/38 MP: 5/5
   993 | D:2      | Reached skill level 1 in Conjurations
   993 | D:2      | Reached skill level 1 in Hexes
   993 | D:2      | Reached skill level 1 in Summonings
   993 | D:2      | Reached skill level 1 in Necromancy
   993 | D:2      | Reached skill level 1 in Translocations
   993 | D:2      | Reached skill level 1 in Transmutations
   993 | D:2      | Reached skill level 1 in Fire Magic
   993 | D:2      | Reached skill level 1 in Ice Magic
   993 | D:2      | Reached skill level 1 in Air Magic
   993 | D:2      | Reached skill level 1 in Earth Magic
   993 | D:2      | Reached skill level 1 in Poison Magic
  1085 | D:2      | Noticed Robin
  1093 | D:2      | Killed Robin
  1500 | D:3      | Noticed a scorpion
  1510 | D:3      | Killed a scorpion
  1511 | D:3      | Reached XP level 5. HP: 43/43 MP: 7/7
  1620 | D:3      | Noticed Ijyb
  1650 | D:3      | Killed Ijyb
  1834 | D:3      | Found Bomept's Magic Scroll Emporium.
  1916 | D:3      | Reached XP level 6. HP: 50/50 MP: 8/8
  2192 | D:3      | Found a runed translucent door.
  2193 | D:3      | Noticed Crazy Yiuf
  2273 | D:3      | Killed Crazy Yiuf
  2274 | D:3      | Reached skill level 5 in Fighting
  2274 | D:3      | Reached skill level 5 in Dodging
  2465 | D:4      | Found a sand-covered staircase.
  2476 | D:4      | Reached XP level 7. HP: 56/56 MP: 10/10
  2479 | Ossuary  | Entered an ossuary
  2535 | Ossuary  | Reached skill level 9 in Ranged Weapons
  2756 | D:4      | Noticed Grinder
  2767 | D:4      | Killed Grinder
  2768 | D:4      | Reached XP level 8. HP: 53/63 MP: 10/12
  2810 | D:4      | Found Dusk's Self-Improvement Boutique.
  3006 | D:4      | Noticed Menkaure
  3022 | D:4      | Killed Menkaure
  3337 | D:4      | You fall into a shaft and drop 2 floors!
  3525 | D:5      | Entered Level 5 of the Dungeon
  3527 | D:5      | Noticed Prince Ribbit
  3541 | D:5      | Killed Prince Ribbit
  3601 | D:5      | Noticed Edmund
  3625 | D:5      | Edmund changed into Edmund the howler monkey
  3625 | D:5      | Noticed Edmund
  3642 | D:5      | Killed Edmund the howler monkey
  3643 | D:5      | Reached XP level 9. HP: 18/69 MP: 14/14
  3660 | D:5      | HP: 3/69 [poisoned by a scorpion]
  4002 | D:5      | Found a staircase to the Ecumenical Temple.
  4023 | D:5      | Found Kozibioll's Weapon Shoppe.
  4052 | Temple   | Entered the Ecumenical Temple
  4137 | Temple   | Became a worshipper of Warmaster Okawaru
  4747 | D:4      | Noticed Natasha
  4751 | D:4      | Killed Natasha
  4995 | D:6      | Reached skill level 5 in Stealth
  5195 | D:6      | Noticed Pikel
  5233 | D:6      | Slain by a lemure

Illustrated notes

Levels and vault maps discovered:
D:1:      evilmike_arrival_hilbert_curve, layout_basic, minmay_crystal_room
D:2:      layout_basic, basic_altar, minmay_quantized, uniq_jessica, uniq_robin
D:3:      wander_river, layout_loops_ring, serial_shops, shop, uniq_ijyb,
          uniq_crazy_yiuf_cottage
D:4:      minmay_skewed_foursquare, layout_basic,
          nicolae_ossuary_entry_catacombs, nicolae_shop_self_help, uniq_natasha,
          uniq_grinder, uniq_menkaure
D:5:      layout_loops_cross, minmay_temple_entry_crystal_x, serial_shops,
          nicolae_shop_advertising_works [nicolae_subvault_shop_adworks],
          uniq_prince_ribbit1, uniq_edmund
D:6:      layout_basic, uniq_pikel
Temple:   compressed_dpeg_triangle_lava_temple

Skill      XL: |  1  2  3  4  5  6  7  8  9 |
---------------+----------------------------+-----
Short Blades   | 1 2 3 4 |  4.4
Long Blades    | 1 2 3 4 |  4.4
Axes           | 1 2 3 4 |  4.4
Maces & Flails | 1 2 3 4 |  4.4
Polearms       | 1 2 3 4 |  4.4
Staves         | 1 2 3 4 |  4.4
Throwing       | 1 2 3 4 |  4.4
Armour         | 1 2 3 4 |  4.4
Shields        | 1 2 3 4 |  4.4
Unarmed Combat | 1 2 3 4 |  4.4
Spellcasting   | 1 2 3 4 |  4.4
Invocations    | 1 2 3 4 |  4.9
Evocations     | 1 2 3 4 |  4.4
Conjurations   | 1 2 3 |  3.7
Hexes          | 1 2 3 |  3.7
Summonings     | 1 2 3 |  3.7
Necromancy     | 1 2 3 |  3.7
Translocations | 1 2 3 |  3.7
Transmutations | 1 2 3 |  3.7
Fire Magic     | 1 2 3 |  3.7
Ice Magic      | 1 2 3 |  3.7
Air Magic      | 1 2 3 |  3.7
Earth Magic    | 1 2 3 |  3.7
Poison Magic   | 1 2 3 |  3.7
Stealth        | 3 4 5 |  5.1
Fighting       | 5 6 |  6.5
Dodging        | 5 6 |  6.5
Ranged Weapons | 9 |  9.7

Action                     |  1- 3 |  4- 6 |  7- 9 || total
---------------------------+-------+-------+-------++-------
  Melee: Unarmed           |       |     2 |       ||     2
         Dagger            |       |       |    19 ||    19
         Bite              |       |       |     4 ||     4
         Punch             |       |       |     1 ||     1
   Fire: Shortbow          |    58 |   194 |   303 ||   555
  Evoke: Wand              |       |       |     3 ||     3
    Use: Potion            |       |     2 |     5 ||     7
   Stab: Invisible         |       |       |     6 ||     6
 Armour: Leather armour    |       |     7 |       ||     7
         Ring mail         |       |    42 |   125 ||   167
  Dodge: Dodged            |     4 |    66 |   203 ||   273

Table legend: (Time is in decaauts)
 A = Elapsed time spent in this place.
 B = Non-inter-level travel time spent in this place.
 C = Inter-level travel time spent in this place.
 D = Time resting spent in this place.
 E = Time spent auto-exploring this place.
 F = Levels seen in this place.
 G = Mean time per level.
                   A        B        C        D        E       F      G
               +--------+--------+--------+--------+--------+-----+--------+
         Total |   5334 |   5117 |    217 |      0 |   4108 |   8 |  666.8 |
       Dungeon |   4981 |   4784 |    197 |      0 |   3900 |   6 |  830.2 |
        Temple |    104 |     85 |     19 |      0 |     29 |   1 |  104.0 |
       Ossuary |    248 |    248 |      0 |      0 |    179 |   1 |  248.0 |
               +--------+--------+--------+--------+--------+-----+--------+

Top non-repeatable levels by time:
     D:4: 1139 daAuts
     D:5: 994 daAuts
     D:3: 861 daAuts
     D:2: 814 daAuts
     D:1: 699 daAuts
     D:6: 472 daAuts
 Ossuary: 248 daAuts
  Temple: 104 daAuts
